 Dungeon Crawl Stone Soup version 0.30-a0-1163-gf69bf04e7a (webtiles) character file.

Game seed: 8644533020709631394

730 ytrimaz the Slasher (level 7, -3/67 (75) HPs)
             Began as a Demonspawn Gladiator on Apr 28, 2023.
             Slain by a gnoll
             ... wielding a +0 whip
             ... led by a gnoll sergeant
              (4 damage)
             ... on level 5 of the Dungeon.
             The game lasted 00:04:25 (4167 turns).

ytrimaz the Slasher (Demonspawn Gladiator)          Turns: 4167, Time: 00:04:26

HP:   -3/67 (75)    AC: 23    Str: 14    XL:     7   Next: 44%
MP:   7/7           EV:  2    Int:  9    God:
Gold: 28            SH:  0    Dex: 19    Spells: 6/6 levels left

rFire   + . .        u - +5 long sword "Heock" {flame, Dex+2}
rCold   . . .        (no shield)
rNeg    . . .        m - melded +0 ring mail {rF+}
rPois   +            c - melded +1 helmet
rElec   .            (cloak currently unavailable)
rCorr   .            (gloves currently unavailable)
SInv    +            (boots currently unavailable)
Will    .....        (no amulet)
Stlth   ++           i - ring of see invisible
HPRegen 0.31/turn    r - ring of protection from fire
MPRegen 0.10/turn

%: no passive effects
@: tree-form, heavily drained
A: stationary, stasis, torment immunity, boosted hp, demonic guardian 2,
(weakness stinger 2)
a: no special abilities


You were on level 5 of the Dungeon.
You were a tree.
You visited 1 branch of the dungeon, and saw 5 of its levels.

You collected 232 gold pieces.
You spent 204 gold pieces at shops.


Innate Abilities, Weirdness & Mutations

You are a tree.
Your roots penetrate the ground, keeping you stationary.
You cannot be teleported.
You are immune to unholy pain and torment.
Your maximum health is greatly increased.
Your equipment is partially melded.
A demonic guardian rushes to your aid.
((You have a tail ending in a sharp stinger.))


   Skills:
 - Level 2.0 Fighting
 + Level 6.0 Long Blades
 - Level 1.7 Throwing
 + Level 6.0 Dodging


You had 6 spell levels left.
You didn't know any spells.
Your spell library contained the following spells:

 Spells                   Type           Power      Damage    Failure   Level
 Apportation              Tloc           0%         N/A       38%         1
 Necrotise                Necr           0%         1d4       38%         1
 Summon Small Mammal      Summ           0%         N/A       38%         1

Inventory:

Hand Weapons
 a - a +1 spectral long sword
 t - the +7 dagger of the Sea {vamp, rPois rF- Stlth+}
   (You found it on level 2 of the Dungeon)

   rF:        It makes you vulnerable to fire.
   rPois:     It protects you from poison.
   Stlth:     It makes you more stealthy.
 u - the +5 long sword "Heock" (weapon) {flame, Dex+2}
   (You bought it in a shop on level 1 of the Dungeon)

   Dex:       It affects your dexterity (+2).
Missiles
 d - 4 throwing nets (quivered)
 e - 4 javelins
Armour
 b - a +0 leather armour
 c - a +1 helmet (melded)
 m - a +0 ring mail of fire resistance (melded)
   (You found it on level 1 of the Dungeon)
Jewellery
 i - a ring of see invisible (left branch)
   (You found it on level 1 of the Dungeon)
 r - a ring of protection from fire (right branch)
   (You found it on level 3 of the Dungeon)
Scrolls
 f - 3 scrolls of teleportation
 j - 5 scrolls of fear
 l - 2 scrolls of immolation
 n - a scroll of poison
 A - a scroll of enchant armour
Potions
 g - 4 potions of flight
 h - 2 potions of berserk rage
 k - a potion of lignification
 o - a potion of invisibility
 p - 2 potions of haste {unknown}
 q - a potion of resistance {unknown}
 v - 2 potions of cancellation {unknown}
 z - 2 potions of might

Dungeon Overview and Level Annotations

Branches:
Dungeon (5/15) Zot: 25788
 Temple: D:4-7

Altars:
Gozag
Makhleb
Nemelex Xobeh
Okawaru
Qazlal
Vehumet

Shops:
D:1 (

Portals:
Abyss: D:3

Annotations:
D:3 2 transporters, ytrimaz's ghost, amateur DsFi

. ..## #...... .. .
.....##..... ... ##
...........###... .#
.....>............. ..
................... ..
#................# ...
.#........gg).....# ...
......#....♣4.....# ...
.#.................. ...
...##.........#.....
.....#.##............#..
....##.....#............
##.##.....##........#...
#.........#.....#...# ##
#......#........#..#..
.......##..........#..


You could see 2 gnolls and a friendly hellwing (summoned).


Message History

😮 HP[-6]
You take 6 damage, and now have 29/50 hp.
You are too injured to fight recklessly!
You closely miss the gnoll.
You feel very sick. The gnoll completely misses you. The gnoll misses you.
The gnoll hits you with a +0 spear of venom.
* * * LOW HITPOINT WARNING * * *
You are more poisoned.
The gnoll sergeant barely misses you. 😨 HP[-5]
You take 5 damage, and now have 24/50 hp.
You barely miss the gnoll sergeant.
You feel very sick. The gnoll barely misses you.
The gnoll hits you with a +0 whip.
* * * LOW HITPOINT WARNING * * *
The gnoll hits you but does no damage.
The gnoll sergeant completely misses you. 😨 HP[-8]
You take 8 damage, and now have 16/50 hp.
Unknown command.
Really quaff the potion of lignification?
You turn into a tree.
Your +1 helmet melds into your body.
Your +0 ring mail of fire resistance melds into your body.
You feel less resistant to fire.
Your roots penetrate the ground.
You feel very sick.
The gnoll hits you but does no damage. x2
You feel drained.
The gnoll sergeant hits you but does no damage.
The gnoll hits you with a +0 spear of venom.
* * * LOW HITPOINT WARNING * * *
😱 HP[+1]
You now have 73 max hp (+23).
You feel better.
The gnoll hits you but does no damage. x2
You feel drained. The gnoll hits you but does no damage.
The gnoll sergeant hits you but does no damage. 😨 HP[+9]
You now have 72 max hp (-1).
You regained 9 hp, and now have 26/72 hp.
You slash the gnoll sergeant! You burn the gnoll sergeant.
The gnoll hits you with a +0 whip.
* * * LOW HITPOINT WARNING * * *
The gnoll hits you but does no damage.
You feel drained.
The gnoll sergeant hits you with a +0 spear!
* * * LOW HITPOINT WARNING * * *
The gnoll hits you with a +0 spear of venom.
* * * LOW HITPOINT WARNING * * *
A demonic guardian appears! 😱 HP[-13]
You now have 70 max hp (-2).
You take 13 damage, and now have 13/70 hp.
You hit the gnoll sergeant but do no damage.
The gnoll hits you with a +0 whip.
* * * LOW HITPOINT WARNING * * *
The gnoll hits you but does no damage.
You are poisoned.
The gnoll hits you but does no damage.
You feel drained.
The gnoll sergeant hits you but does no damage. 😱 HP[-2]
You now have 69 max hp (-1).
You take 2 damage, and now have 11/69 hp.
You feel better. The gnoll hits you with a +0 whip.
* * * LOW HITPOINT WARNING * * *
The gnoll hits you but does no damage.
The gnoll sergeant hits you but does no damage.
The gnoll hits you but does no damage.
You feel drained.
Your hellwing hits the gnoll.
The gnoll dies! 😱 HP[+6]
You regained 6 hp, and now have 17/69 hp.
You barely miss the gnoll sergeant. The gnoll hits you but does no damage.
The gnoll hits you with a +0 flail of draining!
* * * LOW HITPOINT WARNING * * *
You feel drained.
* * * LOW HITPOINT WARNING * * *
The gnoll sergeant hits you but does no damage. 😱 HP[-9]
You now have 66 max hp (-3).
You take 9 damage, and now have 8/66 hp.
You slash the gnoll sergeant! You burn the gnoll sergeant.
The gnoll hits you but does no damage. x2
You feel drained.
The gnoll sergeant hits you but does no damage.
Your hellwing hits the gnoll sergeant but does no damage.
Your hellwing hits the gnoll sergeant.
The gnoll sergeant dies!
Your Long Blades skill increases to level 6!
Your Dodging skill increases to level 6!
You now have 69 max hp (+3).
You hit the gnoll. You burn the gnoll.
The gnoll hits you with a +0 flail of draining.
* * * LOW HITPOINT WARNING * * *
You feel drained.
* * * LOW HITPOINT WARNING * * *
The gnoll hits you with a +0 whip.
You die...

Skill      XL: |  1  2  3  4  5  6  7 |
---------------+----------------------+-----
Long Blades    | 3 4 5 6 |  6.0
Dodging        | 3 4 5 6 |  6.0
Fighting       | |  2.0
Throwing       | |  1.7

Action                     |  1- 3 |  4- 6 |  7- 9 || total
---------------------------+-------+-------+-------++-------
  Melee: Long sword        |    88 |   105 |    15 ||   208
         Tailslap          |    10 |    10 |       ||    20
         Punch             |       |     1 |     1 ||     2
    Use: Scroll            |     4 |    11 |       ||    15
         Potion            |     3 |       |     3 ||     6
 Armour: Leather armour    |    10 |       |       ||    10
         Ring mail         |    50 |    39 |     3 ||    92
         Skin              |     4 |     2 |    19 ||    25
  Dodge: Dodged            |    95 |    70 |    13 ||   178

Levels and vault maps discovered:
D:1:      mrwooster_arrival_statue, layout_loops_corners, serial_shops, shop
D:2:      layout_basic, shapermc_ecumenical_altar_petra, minmay_tromino_v4_c
D:3:      layout_basic, grunt_temple_overflow_opulence,
          gammafunk_ghost_abyssal_escape, uniq_grinder, uniq_jessica
D:4:      layout_basic, grunt_temple_overflow_open
D:5:      layout_cave_pools, dreamdust_mushroom_princess, nicolae_titane

Notes
Turn   | Place    | Note
-------+----------+-------------------------------------------
     0 | D:1      | ytrimaz the Demonspawn Gladiator began the quest for the
                  | Orb.
     0 | D:1      | Reached XP level 1. HP: 16/16 MP: 1/1
     0 | D:1      | magus.rc [v1.9.6]
     5 | D:1      | You pick up a book of Cantrips and begin reading...
     5 | D:1      | You add the spells Necrotise, Summon Small Mammal and
                  | Apportation to your library.
    63 | D:1      | Reached skill level 3 in Long Blades
    63 | D:1      | Reached skill level 3 in Dodging
    63 | D:1      | Gained mutation: You have a small tail. [demonic ancestry]
    63 | D:1      | Reached XP level 2. HP: 18/22 MP: 2/2
   648 | D:1      | Found Jageb's Antique Weapon Emporium.
  1061 | D:2      | Gained mutation: You have a tail ending in a sharp stinger.
                  | [demonic ancestry]
  1061 | D:2      | Reached XP level 3. HP: 19/27 MP: 3/3
  1264 | D:2      | HP: 6/27 [gnoll/+0 club (2)]
  1271 | D:2      | Reached XP level 4. HP: 14/33 MP: 4/4
  1271 | D:2      | HP: 12/49 [gnoll/+0 whip (2)]
  1496 | D:2      | Identified the +7 dagger of the Sea {vamp, rPois rF-
                  | Stlth+}
  1735 | D:2      | Found a faded altar of an unknown god.
  2155 | D:3      | Noticed a small abomination
  2162 | D:3      | Found a transporter.
  2165 | D:3      | Noticed a small abomination
  2169 | D:3      | Found a one-way gate to the infinite horrors of the Abyss.
  2169 | D:3      | Noticed ytrimaz's ghost (amateur DsFi)
  2203 | D:3      | Found a transporter.
  2376 | D:3      | Noticed Jessica
  2382 | D:3      | Killed Jessica
  2383 | D:3      | Reached skill level 4 in Long Blades
  2383 | D:3      | Reached skill level 4 in Dodging
  2656 | D:3      | Found a sparkling altar of Nemelex Xobeh.
  2656 | D:3      | Found an opulent altar of Gozag.
  2656 | D:3      | Noticed Grinder
  2678 | D:3      | HP: 4/33 [Grinder/nerve-wracking pain (10)]
  2678 | D:3      | Paralysed by Grinder for 2 turns
  2680 | D:3      | Killed Grinder
  2681 | D:3      | Gained mutation: A weak demonic guardian rushes to your
                  | aid. [demonic ancestry]
  2681 | D:3      | Reached XP level 5. HP: 6/38 MP: 5/5
  2681 | D:3      | Reached XP level 6. HP: 7/44 MP: 6/6
  3028 | D:4      | Found a stormy altar of Qazlal.
  3032 | D:4      | Found a burning altar of Makhleb.
  3032 | D:4      | Found an iron altar of Okawaru.
  3032 | D:4      | Found a radiant altar of Vehumet.
  3039 | D:4      | Reached skill level 5 in Dodging
  3240 | D:4      | Reached skill level 5 in Long Blades
  3736 | D:1      | Bought a scorched long sword for 204 gold pieces
  3736 | D:1      | Identified the +5 long sword "Heock" {flame, Dex+2} (You
                  | bought it in a shop on level 1 of the Dungeon)
  3800 | D:5      | Entered Level 5 of the Dungeon
  3876 | D:5      | Gained mutation: A demonic guardian rushes to your aid.
                  | [demonic ancestry]
  3876 | D:5      | Reached XP level 7. HP: 29/50 MP: 7/7
  3879 | D:5      | HP: 12/50 [poisoned by a scorpion]
  4160 | D:5      | HP: 17/73 [gnoll/+0 spear of venom[a gnoll sergeant] (4)]
  4165 | D:5      | HP: 11/69 [gnoll/+0 flail of draining[a gnoll sergeant]
                  | (7)]
  4167 | D:5      | Reached skill level 6 in Long Blades
  4167 | D:5      | Reached skill level 6 in Dodging
  4167 | D:5      | HP: 3/69 [gnoll/+0 flail of draining[a gnoll sergeant] (5)]
  4167 | D:5      | HP: 1/67 [gnoll/+0 flail of draining[a gnoll sergeant] (2)]
  4167 | D:5      | Slain by a gnoll

Vanquished Creatures
  Grinder (D:3)
  A black bear (D:4)
  A scorpion (D:5)
  Jessica (D:3)
  An iguana (D:5)
  5 gnolls
  4 adders
  A worm (D:4)
  3 dart slugs
  3 orcs
  5 endoplasms
  A giant cockroach (D:3)
  4 goblins (D:2)
  2 hobgoblins (D:2)
  5 jackals
  4 quokkas
  8 ball pythons
  5 bats
  2 frilled lizards
  7 kobolds
  7 rats
71 creatures vanquished.

Vanquished Creatures (collateral kills)
  An ogre (D:5)
  A gnoll sergeant (D:5)
  A jelly (D:5)
  A gnoll (D:5)
4 creatures vanquished.

Grand Total: 75 creatures vanquished

Table legend:
 A = Non-vault XP
 B = Vault XP
 C = Vault XP percentage of total XP
 D = Non-vault monster count
 E = Vault monster count
 F = Vault count percentage of total count
                 A         B        C        D         E       F
            +---------+---------+-------+---------+---------+-------
      Total |     736 |     307 |  29.4 |      71 |       4 |   5.3
            +---------+---------+-------+---------+---------+-------
        D:1 |      34 |       0 |   0.0 |      19 |       0 |   0.0
        D:2 |     105 |       3 |   2.8 |      26 |       2 |   7.1
        D:3 |      16 |     304 |  95.0 |       8 |       2 |  20.0
        D:4 |     163 |       0 |   0.0 |      10 |       0 |   0.0
        D:5 |     418 |       0 |   0.0 |       8 |       0 |   0.0
            +---------+---------+-------+---------+---------+-------

Skill      XL: |  1  2  3  4  5  6  7 |
---------------+----------------------+-----
Long Blades    | 3 4 5 6 |  6.0
Dodging        | 3 4 5 6 |  6.0
Fighting       | |  2.0
Throwing       | |  1.7

Action                     |  1- 3 |  4- 6 |  7- 9 || total
---------------------------+-------+-------+-------++-------
  Melee: Long sword        |    88 |   105 |    15 ||   208
         Tailslap          |    10 |    10 |       ||    20
         Punch             |       |     1 |     1 ||     2
    Use: Scroll            |     4 |    11 |       ||    15
         Potion            |     3 |       |     3 ||     6
 Armour: Leather armour    |    10 |       |       ||    10
         Ring mail         |    50 |    39 |     3 ||    92
         Skin              |     4 |     2 |    19 ||    25
  Dodge: Dodged            |    95 |    70 |    13 ||   178

Illustrated notes

Table legend:
 A = Kills in this place as a percentage of kills in the entire game.
 B = Kills by you in this place as a percentage of kills by you in the entire game.
 C = Kills by friends in this place as a percentage of kills by friends in the entire game.
 D = Other kills in this place as a percentage of other kills in the entire game.
 E = Experience gained in this place as a percentage of experience gained in the entire game.
 F = Experience gained in this place divided by the number of levels of this place that you have seen.
                   A       B       C       D       E      F
               +-------+-------+-------+-------+-------+----------------------
         Total | 100.0 | 100.0 | 100.0 |   N/A | 100.0 | 208.6
       Dungeon | 100.0 | 100.0 | 100.0 |   N/A | 100.0 | 208.6
               +-------+-------+-------+-------+-------+----------------------

Table legend: (Time is in decaauts)
 A = Elapsed time spent in this place.
 B = Non-inter-level travel time spent in this place.
 C = Inter-level travel time spent in this place.
 D = Time resting spent in this place.
 E = Time spent auto-exploring this place.
 F = Levels seen in this place.
 G = Mean time per level.
                   A        B        C        D        E       F      G
               +--------+--------+--------+--------+--------+-----+--------+
         Total |   4210 |   3963 |    247 |    122 |   3215 |   5 |  842.0 |
       Dungeon |   4210 |   3963 |    247 |    122 |   3215 |   5 |  842.0 |
               +--------+--------+--------+--------+--------+-----+--------+

Top non-repeatable levels by time:
     D:3: 1187 daAuts
     D:1: 1063 daAuts
     D:4: 797 daAuts
     D:2: 791 daAuts
     D:5: 369 daAuts
